 Dungeon Crawl Stone Soup version 0.28.0-43-g3370ac3207 (webtiles) character file.

Game seed: 17144623004817519123

656 Mitsuki the Firebug (level 7, -6/36 HPs)
             Began as a Deep Elf Fire Elementalist on Mar 3, 2022.
             Was an Initiate of Vehumet.
             Killed from afar by an acid dragon (28 damage)
             ... with a splash of acid
             ... on level 5 of the Dungeon on Mar 21, 2022.
             The game lasted 00:10:57 (5520 turns).

Mitsuki the Firebug (Deep Elf Fire Elementalist)    Turns: 5520, Time: 00:10:58

Health: -6/36      AC:  2    Str:  5    XL:     7   Next: 29%
Magic:  9/17       EV: 12    Int: 28    God:    Vehumet [......]
Gold:   176        SH:  0    Dex: 15    Spells: 14/17 levels left

rFire   . . .      SeeInvis .   f - +0 mace (vorpal)
rCold   . . .      Faith    .   (no shield)
rNeg    . . .      Spirit   .   a - +0 robe
rPois   .          Reflect  .   (no helmet)
rElec   .          Harm     .   (no cloak)
rCorr   .          Rampage  .   (no gloves)
Will    .....                   (no boots)
Stlth   ++........              (no amulet)
HPRegen 0.12/turn               g - +6 ring of intelligence
MPRegen 0.15/turn               (no ring)

@: very slightly contaminated
A: no striking features
a: Renounce Religion


You were on level 5 of the Dungeon.
You worshipped Vehumet.
Vehumet was noncommittal.
You visited 2 branches of the dungeon, and saw 6 of its levels.

You collected 176 gold pieces.

Inventory:

Hand Weapons
 f - a +0 vorpal mace (weapon)
Armour
 a - a +0 robe (worn)
Jewellery
 g - a +6 ring of intelligence (left hand)
Wands
 k - a wand of digging (14)
 m - a wand of iceblast (4)
 n - a wand of flame (7)
Scrolls
 b - 3 scrolls of magic mapping {unknown}
 i - 3 scrolls of fear {unknown}
 j - a scroll of amnesia {unknown}
 o - a scroll of noise {unknown}
Potions
 c - 2 potions of curing {unknown}
 d - a potion of mutation {unknown}
 e - a potion of resistance
 h - a potion of magic {unknown}
 l - a potion of heal wounds {unknown}


   Skills:
 - Level 2.4 Dodging
 - Level 2.4 Stealth
 + Level 5.9 Spellcasting
 + Level 4.3 Conjurations
 * Level 7.0 Fire Magic


You had 14 spell levels left.
You knew the following spells:

 Your Spells              Type           Power      Damage    Failure   Level
a - Foxfire               Conj/Fire      100%       2x1d9     1%          1
b - Scorch                Fire           94%        2d10      1%          2

Your spell library contained the following spells:

 Spells                   Type           Power      Damage    Failure   Level
 Conjure Flame            Conj/Fire      40%        6-21      1%          3
 Inner Flame              Hex/Fire       28%        N/A       4%          3
 Animate Skeleton         Necr           16%        N/A       6%          1
 Apportation              Tloc           16%        N/A       6%          1
 Summon Small Mammal      Summ           32%        N/A       6%          1
 Flame Wave               Conj/Fire      40%        2d9       6%          4
 Sublimation of Blood     Necr           8%         N/A       10%         2
 Gell's Gravitas          Tloc           8%         N/A       19%         3
 Lesser Beckoning         Tloc           8%         N/A       19%         3
 Teleport Other           Tloc           8%         N/A       19%         3
 Petrify                  Tmut/Erth      8%         N/A       52%         4
 Summon Lightning Spire   Summ/Air       8%         N/A       52%         4
 Irradiate                Conj/Tmut      10%        3d17      56%         5
 Storm Form               Tmut/Air       4%         N/A       100%        7
 Maxwell's Capacitive Co  Air            4%         ∞         100%        8


Dungeon Overview and Level Annotations

Branches:
Dungeon (5/15)             Temple (1/1) D:5

Altars:
Ashenzari
Cheibriados
Dithmenos
Elyvilon
Fedhas
Gozag
Hepliaklqana
Kikubaaqudgha
Makhleb
Nemelex Xobeh
Okawaru
Qazlal
Ru
Trog
Uskayaw
Vehumet
Wu Jian
Xom
Yredelemnul
Zin
The Shining One

Annotations:
D:3 3 runed translucent doors, Eitelfritz's ghost, amateur HOFi; P0WERM0DE's ghost, amateur DsAK


Message History

Flames lash the ogre.
The ogre is burned terribly!
You kill the ogre!
Vehumet accepts your kill.
Your Fire Magic skill increases to level 7!
You now have 10/17 mp.
You see here a +0 giant spiked club.
You see here a +0 giant spiked club.
You see here a hound corpse.
Found a buckler.
MP restored: 17 You see here a +0 buckler.
Casting: Scorch (safe; 1% risk of failure)
Confirm with . or Enter, or press ? or * to list all spells.
Flames lash the acid dragon.
The acid dragon roars!
The acid dragon is lightly wounded.
The acid dragon's fire resistance burns away.
You now have 15/17 mp.
Casting: Scorch (safe; 1% risk of failure)
Confirm with . or Enter, or press ? or * to list all spells.
Flames lash the acid dragon.
The acid dragon is burned terribly!
The acid dragon is severely wounded.
The acid dragon bites you!
The acid dragon claws you but does no damage.
You take 9 damage, and have 27/36 hp.
MASSIVE DAMAGE!!
You now have 13/17 mp.
Casting: Scorch (safe; 1% risk of failure)
Confirm with . or Enter, or press ? or * to list all spells.
You miscast Scorch.
You are very lightly contaminated with residual magic.
Nothing appears to happen.
The acid dragon bites you. The acid dragon closely misses you.
You take 6 damage, and have 21/36 hp.
You now have 11/17 mp.
Casting: Scorch (safe; 1% risk of failure)
Confirm with . or Enter, or press ? or * to list all spells.
Flames lash the acid dragon.
The acid dragon is burned terribly!
The acid dragon is almost dead.
The acid dragon spits acid at you. The splash of acid hits you!!
Ouch! That really hurt!
You die...

######
#..#.###.##### #
#..### #.#
#..#####.#
#........#
#.######## #.#
#.# ##.########
#.[.....@?#
#..######D#######
. #... ........#
#. ...... .###
#.# ##. ##......
.# #.# #..
##..####
.#####.########.
#..#
.#...........#..
#..#
.#.###.###.#....
#... #.# #.#
#.###..


You could see an acid dragon (catching breath, combustible).

Vanquished Creatures
  Edmund (D:5)
  A necrophage (D:5)
  2 ogres
  Blork the orc (D:5)
  A hound (D:5)
  An iguana (D:3)
  Ijyb (D:5)
  2 orc wizards (D:3)
  An adder (D:3)
  An adder skeleton (D:5)
  A worm (D:3)
  2 dart slugs
  5 orcs (D:3)
  4 ball pythons
  5 bats
  7 endoplasms
  7 goblins
  6 hobgoblins
  A quokka (D:2)
  A frilled lizard (D:1)
  7 kobolds
  24 rats
82 creatures vanquished.

Vanquished Creatures (others)
  275 foxfires
275 creatures vanquished.

Grand Total: 357 creatures vanquished

Notes
Turn   | Place    | Note
-------+----------+-------------------------------------------
     0 | D:1      | Mitsuki the Deep Elf Fire Elementalist began the quest for
                  | the Orb.
     0 | D:1      | Reached XP level 1. HP: 10/10 MP: 6/6
   229 | D:1      | Found a faded altar of an unknown god.
   266 | D:1      | Reached XP level 2. HP: 15/15 MP: 6/8
   947 | D:1      | Reached skill level 4 in Fire Magic
  1160 | D:2      | Reached XP level 3. HP: 14/19 MP: 5/10
  1163 | D:2      | Learned a level 2 spell: Scorch
  2457 | D:3      | Reached XP level 4. HP: 21/24 MP: 9/11
  2844 | D:3      | Reached skill level 5 in Fire Magic
  2857 | D:3      | Reached XP level 5. HP: 18/28 MP: 3/13
  3411 | D:3      | Found a runed translucent gate.
  3412 | D:3      | Found a runed translucent gate.
  3412 | D:3      | Found a runed translucent gate.
  3413 | D:3      | Noticed P0WERM0DE's ghost (amateur DsAK)
  3413 | D:3      | Noticed Eitelfritz's ghost (amateur HOFi)
  3764 | D:4      | Found a blossoming altar of Fedhas.
  3766 | D:4      | Noticed an ogre
  3770 | D:4      | Killed an ogre
  4169 | D:5      | Entered Level 5 of the Dungeon
  4169 | D:5      | Noticed Edmund
  4244 | D:5      | Noticed a necrophage
  4258 | D:5      | Killed a necrophage
  4259 | D:5      | Reached skill level 5 in Spellcasting
  4259 | D:5      | Reached skill level 6 in Fire Magic
  4259 | D:5      | Reached XP level 6. HP: 32/32 MP: 10/15
  4371 | D:5      | Noticed an acid dragon
  4378 | D:5      | Found a staircase to the Ecumenical Temple.
  4391 | Temple   | Entered the Ecumenical Temple
  4772 | Temple   | Became a worshipper of Vehumet
  4823 | D:5      | Killed Edmund
  5131 | D:5      | Noticed Ijyb
  5136 | D:5      | Killed Ijyb
  5181 | D:5      | Noticed Blork the orc
  5188 | D:5      | Killed Blork the orc
  5189 | D:5      | Reached XP level 7. HP: 36/36 MP: 10/17
  5423 | D:5      | Reached skill level 7 in Fire Magic
  5520 | D:5      | Killed from afar by an acid dragon

Illustrated notes

Levels and vault maps discovered:
D:1:      saegor_arrival_simple_b, layout_loops_ring,
          shapermc_ecumenical_altar_totnotflames
D:2:      layout_loops_ring, st_stairs_12, minmay_rat_hole
D:3:      layout_loops_ring, gammafunk_ghost_cemetery,
          chequers_serial_rivers_room_a, minmay_crystal_room
D:4:      layout_basic, mainiacjoe_overflow_small_starburst
D:5:      kennysheep_windowed_halls, layout_loops_corners,
          minmay_temple_entry_large_hall, dk_noncrumbling_3, uniq_edmund,
          uniq_eustachio, uniq_ijyb, uniq_blork_the_orc
Temple:   mainiacjoe_temple_cubbyholes

Skill      XL: |  1  2  3  4  5  6  7 |
---------------+----------------------+-----
Fire Magic     | 4 5 6 7 |  7.0
Conjurations   | 2 3 4 |  4.3
Spellcasting   | 4 5 |  5.9
Dodging        | |  2.4
Stealth        | |  2.4

Action                   |  1- 3 |  4- 6 |  7- 9 || total
-------------------------+-------+-------+-------++-------
Melee: Whip              |     9 |       |       ||     9
       Mace              |    18 |     8 |       ||    26
 Cast: Foxfire           |    95 |    76 |     3 ||   174
       Scorch            |       |     6 |     7 ||    13
 Stab: Sleeping          |     1 |       |       ||     1
Armor: Robe              |     3 |       |     1 ||     4
Dodge: Dodged            |    18 |     9 |     2 ||    29
